 Dungeon Crawl Stone Soup version 0.28-a0-1493-g08698888e4 (webtiles) character file.

Game seed: 5366765207272039867

241965 riojii the Imperceptible (level 19, -5/114 HPs)
             Began as a Vampire Enchanter on Jan 13, 2022.
             Was the Champion of Dithmenos.
             Slain by a ghost moth (18 damage)
             ... on level 4 of the Spider Nest.
             The game lasted 02:19:20 (40127 turns).

riojii the Imperceptible (Vampire Enchanter)       Turns: 40127, Time: 02:19:20

Health: -5/114     AC: 19    Str:  6 (7)  XL:     19   Next: 8%
Magic:  3/34       EV: 19    Int: 18      God:    Dithmenos [******]
Gold:   2090       SH:  0    Dex: 21 (22) Spells: 5/41 levels left

rFire   . . .      SeeInvis +   x - +9 dagger (freeze)
rCold   + + .      Faith    .   l - orb {guile}
rNeg    + + +      Spirit   .   o - +2 acid dragon scales
rPois   ∞          Reflect  .   V - +0 helmet
rElec   .          Harm     .   k - +0 cloak
rCorr   +          Rampage  .   i - +1 Delatra's gloves {ID++}
Will    .....                   N - +1 pair of boots Stlth ##********
                                H - amulet of the acrobat
HPRegen 0.29/turn               R - ring of Zujokaw {+Blink AC+4}
MPRegen 0.24/turn               p - ring of wizardry

@: confusing by touch, bloodless, wreathed by umbra
A: bloodless, fangs 3, see invisible, vampiric 2
}: 1/15 runes: serpentine
a: Bat Form, Revivify, Renounce Religion, Evoke Blink, Shadow Step, Shadow Form


You were on level 4 of the Spider Nest.
You worshipped Dithmenos.
Dithmenos was exalted by your worship.
You visited 6 branches of the dungeon, and saw 32 of its levels.
You visited 1 bazaar.
You also visited: Sewer and Ice Cave.

You collected 3317 gold pieces.
You spent 1227 gold pieces at shops.

Inventory:

Hand Weapons
 x - a +9 dagger of freezing (weapon)
Armour
 i - the +1 Delatra's gloves (worn) {ID++}
   (You found it on level 2 of the Dungeon)

   It heals its wearer when they drink unknown potions.
   It restores its wearer's MP when they read unknown scrolls.
 k - a +0 cloak (worn)
 l - an orb of guile (worn)
 o - +2 acid dragon scales (worn)
 N - a +1 pair of boots (worn)
 V - a +0 helmet (worn)
Jewellery
 p - a ring of wizardry (right hand)
 s - a ring of magical power
 z - a +4 ring of protection
 H - an amulet of the acrobat (around neck)
 R - the ring of Zujokaw (left hand) {+Blink AC+4}
   (You found it on level 13 of the Dungeon)

   [ring of protection]

   AC:        It affects your AC (+4).
   +Blink:    It lets you blink.
 U - the ring of the Nine Xenophobes {rPois rCorr Dex+2}
   (You found it on level 3 of the Snake Pit)

   [ring of poison resistance]

   Dex:       It affects your dexterity (+2).
   rPois:     It protects you from poison.
   rCorr:     It protects you from acid and corrosion.
Wands
 m - a wand of acid (45)
 r - a wand of iceblast (29)
 w - a wand of polymorph (17)
 B - a wand of paralysis (13)
 C - a wand of flame (29)
 G - a wand of digging (16)
 L - a wand of charming (12)
 Q - a wand of mindburst (19)
Scrolls
 d - a scroll of enchant armour
 n - 7 scrolls of teleportation
 y - 2 scrolls of brand weapon
 D - 2 scrolls of magic mapping
 J - 4 scrolls of fear
 O - 3 scrolls of amnesia
 P - 2 scrolls of fog
Potions
 a - 10 potions of curing
 b - 4 potions of might
 c - 2 potions of invisibility
 e - 3 potions of haste
 g - 6 potions of flight
 h - 5 potions of brilliance
 j - 3 potions of heal wounds
 u - 3 potions of resistance
 I - 4 potions of cancellation
 K - 6 potions of magic
 M - a potion of ambrosia
 S - 2 potions of mutation


   Skills:
 + Level 11.0 Fighting
 - Level 12.5 Short Blades
 * Level 4.1 Armour
 + Level 13.2 Dodging
 * Level 26.1 Stealth
 + Level 11.7 Spellcasting
 * Level 22.4 Hexes
 - Level 6.5 Transmutations
 - Level 6.0 Earth Magic


You had 5 spell levels left.
You knew the following spells:

 Your Spells              Type           Power      Damage    Failure   Level
a - Ensorcelled Hibernat  Hex/Ice        100%       N/A       1%          2
b - Confusing Touch       Hex            74%        N/A       0%          3
c - Tukima's Dance        Hex            74%        N/A       0%          3
d - Petrify               Tmut/Erth      33%        N/A       4%          4
e - Discord               Hex            37%        N/A       3%          8
f - Malign Gateway        Summ/Tloc      5%         N/A       100%        7
g - Passwall              Tmut/Erth      27%        N/A       1%          2
h - Enfeeble              Hex            37%        N/A       1%          7

Your spell library contained the following spells:

 Spells                   Type           Power      Damage    Failure   Level
 Slow                     Hex            100%       N/A       0%          1
 Sandblast                Erth           64%        2d14      1%          1
 Sting                    Tmut/Pois      88%        1d7       1%          1
 Dazzling Flash           Conj/Hex       100%       N/A       1%          3
 Fulminant Prism          Conj/Hex       25%        3d14      1%          4
 Metabolic Englaciation   Hex/Ice        25%        N/A       1%          5
 Summon Mana Viper        Hex/Summ       50%        N/A       1%          5
 Yara's Violent Unravell  Hex/Tmut       29%        3d12      1%          5
 Stone Arrow              Conj/Erth      42%        3d9       4%          3
 Apportation              Tloc           20%        N/A       5%          1
 Magic Dart               Conj           40%        1d5       5%          1
 Summon Small Mammal      Summ           40%        N/A       5%          1
 Ignite Poison            Fire/Tmut/Pois 18%        N/A       6%          3
 Blink                    Tloc           20%        N/A       8%          2
 Corpse Rot               Necr/Air       20%        N/A       8%          2
 Searing Ray              Conj           20%        2d5       8%          2
 Static Discharge         Conj/Air       10%        N/A       8%          2
 Blade Hands              Tmut           17%        N/A       10%         5
 Lee's Rapid Deconstruct  Erth           16%        3d11*     12%         5
 Conjure Flame            Conj/Fire      10%        6-21      16%         3
 Vampiric Draining        Necr           10%        2d6       16%         3
 Alistair's Intoxication  Tmut/Pois      14%        N/A       34%         5
 Irradiate                Conj/Tmut      11%        3d17      34%         5
 Animate Dead             Necr           5%         N/A       43%         4
 Dispel Undead            Necr           10%        3d9       43%         4
 Iskenderun's Mystic Bla  Conj/Tloc      10%        2d4       43%         4
 Sticky Flame             Conj/Fire      10%        2d3       43%         4
 Lightning Bolt           Conj/Air       5%         1d17      77%         5
 Manifold Assault         Tloc           10%        N/A       77%         5
 Summon Forest            Summ/Tloc      5%         N/A       77%         5
 Statue Form              Tmut/Erth      22%        N/A       47%         6
 Eringya's Noxious Bog    Tmut/Pois      11%        N/A       87%         6
 Dragon Form              Tmut           17%        N/A       94%         7
 Conjure Ball Lightning   Conj/Air       5%         3x3d6     99%         6
 Death Channel            Necr           5%         N/A       99%         6
 Summon Cactus Giant      Summ           5%         N/A       99%         6
 Haunt                    Necr/Summ      5%         N/A       100%        7
 Storm Form               Tmut/Air       11%        N/A       100%        7
 Summon Hydra             Summ           5%         N/A       100%        7
 Disjunction              Tloc           5%         N/A       100%        8
 Infestation              Necr           5%         N/A       100%        8
 Maxwell's Capacitive Co  Air            5%         ∞         100%        8


Dungeon Overview and Level Annotations

Branches:
Dungeon (15/15)            Temple (1/1) D:6            Lair (6/6) D:9
  Snake (4/4) Lair:4       Spider (4/4) Lair:3        Slime (0/5) Lair:5
    Orc (2/2) D:10            Elf (0/3) Orc:2        Vaults (0/5) D:14
 Depths (0/4) D:15          Sewer (visited)           IceCv (visited)

Altars:
Ashenzari
Cheibriados
Dithmenos
Elyvilon
Fedhas
Gozag
Hepliaklqana
Kikubaaqudgha
Makhleb
Nemelex Xobeh
Okawaru
Qazlal
Ru
Sif Muna
Trog
Uskayaw
Vehumet
Wu Jian
Xom
Yredelemnul
Zin
The Shining One
Beogh
Jiyva

Shops:
D:13 (   Orc:2 *?([   Snake:2 :   Snake:3 [(   Snake:4 ?

Annotations:
D:8 3 runed translucent doors, fragbeetle's ghost, novice TrBe
D:9 3 runed translucent doors, IdlyInterested's ghost, novice DsGl
D:10 1 runed translucent door, riojii's ghost, journeyman DDFi
Lair:1 2 transporters


Innate Abilities, Weirdness & Mutations

You do not regenerate when monsters are visible.
You are frail without blood (-20% HP).
You can heal yourself when you bite living creatures.
You are immune to poison.
You have razor-sharp teeth.
You have supernaturally acute eyesight. (SInv)
You are afflicted with vampirism and can become a bat while bloodless.


Message History

The ghost moth stings the torpor snail but does no damage.
You hit the ghost moth.
The ghost moth is lightly wounded.
The ghost moth hits you! The ghost moth hits you. The ghost moth stings you!!
* * * LOW HITPOINT WARNING * * *
You emit a cloud of dark smoke.
You feel weakened.
The ghost moth barely misses you. x2; The ghost moth stings you!
* * * LOW HITPOINT WARNING * * *
You feel much better. The ghost moth misses you. The ghost moth hits you!!
* * * LOW HITPOINT WARNING * * *
You emit a cloud of dark smoke.
The ghost moth stings you but does no damage.
The torpor snail completely misses you. The ghost moth misses you.
The ghost moth hits you!
* * * LOW HITPOINT WARNING * * *
You emit a cloud of dark smoke.
You feel clumsy. The ghost moth completely misses you.
The torpor snail misses you.
Okay, then.
The ghost moth hits the torpor snail.
The ghost moth hits the torpor snail!
The ghost moth completely misses the torpor snail.
The ghost moth hits the torpor snail! x2
The ghost moth stings the torpor snail!!
The torpor snail dies!
Dithmenos accepts your kill.
Casting: Discord (dangerous; 3% risk of failure)
Confirm with . or Enter, or press ? or * to list all spells.
You can't see any susceptible monsters within range! (Use Z to cast anyway.) Unknown command.
Casting: Discord (dangerous; 3% risk of failure)
Confirm with . or Enter, or press ? or * to list all spells.
Your hands begin to glow red.
You feel yourself speed up. The ghost moth misses you.
The ghost moth hits you but does no damage.
The ghost moth stings you.
* * * LOW HITPOINT WARNING * * *
The ghost moth hits you!!
You die...

........# #. .........#
.## ..#.....)# .^# .
..#.......##.. #..
†.##.##..#.^## ##....
...#######^..######§.....
..^...^.†...|#.§§§§§.#
.....†.†.....##§§y§§.#
.†^.......#....§@§####
...............§§§#
###################


You could see a neutral ghost moth (fast, strong, insane, invisible).

Vanquished Creatures
  Saint Roka (Orc:2)
  Nikola (Snake:1)
  Mlioglotl (Spider:1)
  Frances (D:13)
  Donald (Spider:2)
  3 nagarajas
  2 emperor scorpions
  Louise (D:14)
  2 broodmothers (Spider:3)
  Nessos (D:13)
  5 entropy weavers
  An ettin (Orc:2)
  Josephine (Spider:1)
  A great orb of eyes (D:15)
  2 vault guards (D:14)
  7 hydras
  2 salamander tyrants
  3 caustic shrike simulacra (IceCv)
  A catoblepas (Lair:5)
  11 naga warriors
  Harold (D:10)
  10 anacondas
  9 boulder beetles
  5 two-headed ogres
  A radroach (Spider:3)
  7 centaur warriors
  2 tengu warriors (D:13)
  7 shock serpents
  7 naga sharpshooters
  5 pharaoh ants
  5 salamander mystics
  4 skeletal warriors (D:13)
  6 sea snakes
  2 sun moths
  5 steelbarb worms
  7 orb spiders
  A bog body (IceCv)
  7 naga ritualists
  5 lindwurms (Snake:4)
  A spriggan simulacrum (IceCv)
  A wizard (D:9)
  7 mana vipers
  22 wolf spiders
  A deep elf pyromancer (D:9)
  5 orc knights
  18 salamanders
  4 cyclopes
  A manticore (D:7)
  6 ugly things
  6 guardian serpents
  9 elephants
  15 naga magi
  2 moths of wrath
  4 torpor snails
  28 black mambas
  A water nymph (shapeshifter) (D:15)
  6 demonic crawlers
  Maggie (D:6)
  A rime drake (Lair:5)
  5 komodo dragons
  2 yaktaurs (D:15)
  13 cane toads
  An efreet (D:13)
  7 freezing wraiths (IceCv)
  4 anaconda simulacra (IceCv)
  An entropy weaver simulacrum (IceCv)
  5 polar bears
  3 meliai (Spider:1)
  2 tengu conjurers (D:14)
  7 hornets
  13 tarantellas
  9 trolls
  7 slime creatures
  14 dream sheep
  13 jumping spiders
  14 culicivoras
  Sigmund (D:2)
  2 water elementals (D:13)
  12 spriggans (Lair:6)
  A vampire (D:7)
  28 yaks
  A jumping spider (shapeshifter) (D:15)
  A dire elephant simulacrum (IceCv)
  3 wraiths
  6 wyverns
  2 minotaur simulacra (IceCv)
  6 basilisks
  10 humans (D:14)
  19 redbacks
  5 steam dragons
  5 vampire mosquitoes
  A warg (Orc:2)
  39 nagas
  2 acid dragons
  A harpy simulacrum (IceCv)
  Edmund (D:4)
  10 water moccasins
  5 black bears
  A hornet zombie (D:7)
  22 orc warriors
  3 sky beasts (D:7)
  An ettin simulacrum (IceCv)
  2 necrophages
  An alligator simulacrum (IceCv)
  6 ogres
  36 wolves
  4 boggarts (Lair:6)
  8 centaurs
  2 phantoms (D:6)
  5 kobold brigands
  22 bullfrogs
  2 deep troll simulacra (IceCv)
  A wyvern zombie (D:6)
  A scorpion (D:6)
  A hornet simulacrum (D:14)
  17 killer bees
  3 lindwurm simulacra (IceCv)
  3 wights (D:8)
  4 howler monkeys
  7 electric eels
  6 centaur zombies
  A gnoll shaman (D:10)
  A hound (D:6)
  2 jellies
  A bullfrog skeleton (D:7)
  A centaur skeleton (D:5)
  13 orc priests
  4 iguanas
  24 orc wizards
  3 howler monkey zombies
  A mummy (D:4)
  8 gnolls
  A howler monkey skeleton (D:7)
  7 adders
  A shadow imp (D:8)
  2 ufetubi (D:7)
  An adder skeleton (D:4)
  5 worms
  2 dart slugs
  77 orcs
  4 bats
  7 endoplasms
  2 giant cockroaches
  9 goblins
  6 hobgoblins
  4 jackals (D:2)
  16 kobolds
  5 quokkas
  3 ball pythons
  5 frilled lizards
  9 rats
947 creatures vanquished.

Vanquished Creatures (collateral kills)
  A naga warrior (Snake:4)
  2 salamander tyrants (Snake:4)
  7 anacondas (Snake:4)
  3 naga sharpshooters (Snake:4)
  5 shock serpents (Snake:4)
  A sun moth (Spider:2)
  A salamander mystic (Snake:4)
  A pharaoh ant (Spider:3)
  A steelbarb worm (Spider:1)
  A bog body (IceCv)
  5 orb spiders
  A wolf spider (Spider:4)
  A necromancer (IceCv)
  An orc sorcerer (Orc:2)
  3 mana vipers (Snake:4)
  5 salamanders (Snake:4)
  3 black mambas (Snake:4)
  A moth of wrath (Spider:2)
  3 guardian serpents (Snake:4)
  3 naga magi (Snake:4)
  2 torpor snails
  A freezing wraith (IceCv)
  A golden dragon simulacrum (IceCv)
  An anaconda simulacrum (IceCv)
  7 tarantellas
  5 culicivoras
  14 jumping spiders
  4 wraiths (Spider:1)
  18 redbacks
  2 wargs
  4 nagas (Snake:4)
  A hydra simulacrum (IceCv)
  11 orc warriors
  An ogre (Orc:2)
  An alligator simulacrum (IceCv)
  4 orc priests (Orc:2)
  8 orc wizards
  30 orcs
  2 hobgoblins (Orc:1)
166 creatures vanquished.

Vanquished Creatures (others)
  An entropy weaver (Spider:3)
  A naga warrior (Snake:4)
  2 wolf spiders
  A guardian serpent (Snake:2)
  5 freezing wraiths (IceCv)
  5 jumping spiders
  A culicivora (Spider:2)
  A redback (Spider:4)
  An orc warrior (Orc:2)
  2 orc priests
  2 orcs
  3 hobgoblins (Orc:1)
  50 fungi
  44 plants
119 creatures vanquished.

Grand Total: 1232 creatures vanquished

Notes
Turn   | Place    | Note
-------+----------+-------------------------------------------
     0 | D:1      | riojii the Vampire Enchanter began the quest for the Orb.
     0 | D:1      | Reached XP level 1. HP: 13/13 MP: 3/3
   230 | D:1      | Reached XP level 2. HP: 6/15 MP: 5/5
  1238 | D:2      | Reached skill level 5 in Stealth
  1384 | D:2      | Noticed Sigmund
  1392 | D:2      | Killed Sigmund
  1393 | D:2      | Reached skill level 1 in Fighting
  1393 | D:2      | Reached skill level 6 in Stealth
  1393 | D:2      | Reached skill level 5 in Hexes
  1393 | D:2      | Gained mutation: You are afflicted with vampirism and can
                  | become a bat while bloodless. [Vampire growth]
  1393 | D:2      | Reached XP level 3. HP: 12/20 MP: 6/6
  1393 | D:2      | Reached XP level 4. HP: 15/25 MP: 7/7
  1393 | D:2      | Reached XP level 5. HP: 18/29 MP: 8/8
  1856 | D:2      | Learned a level 2 spell: Ensorcelled Hibernation
  1866 | D:2      | Found the +1 Delatra's gloves {ID++}
  2954 | D:3      | Found a faded altar of an unknown god.
  3071 | D:3      | Found a shimmering blue altar of Sif Muna.
  3712 | D:4      | Found a hide-covered altar of Uskayaw.
  3712 | D:4      | Noticed a +0 hand axe
  3712 | D:4      | Noticed a +0 hand axe
  3732 | D:4      | Reached XP level 6. HP: 34/34 MP: 10/10
  3771 | D:4      | Noticed Edmund
  3777 | D:4      | Killed Edmund
  3778 | D:4      | Reached skill level 7 in Stealth
  4087 | D:4      | Found a snail-covered altar of Cheibriados.
  4128 | D:4      | Found a bloodstained altar of Trog.
  4358 | D:4      | Found a stormy altar of Qazlal.
  4359 | D:4      | Found an iron altar of Okawaru.
  4442 | D:5      | Entered Level 5 of the Dungeon
  4516 | D:5      | Reached XP level 7. HP: 40/40 MP: 11/11
  4815 | D:5      | Reached skill level 8 in Stealth
  5212 | D:6      | Reached XP level 8. HP: 43/45 MP: 3/13
  5340 | D:6      | Learned a level 3 spell: Confusing Touch
  5371 | D:6      | Noticed Maggie
  5381 | D:6      | Killed Maggie
  5382 | D:6      | Reached skill level 9 in Stealth
  5752 | D:6      | Reached skill level 10 in Stealth
  5888 | D:6      | Found a glowing drain.
  5909 | Sewer    | Entered a sewer
  6463 | D:6      | Found a staircase to the Ecumenical Temple.
  6499 | Temple   | Entered the Ecumenical Temple
  6505 | Temple   | Became a worshipper of Dithmenos the Shadowed
  6825 | D:7      | Reached skill level 5 in Dodging
  6825 | D:7      | Reached XP level 9. HP: 51/51 MP: 15/15
  7048 | D:7      | Reached skill level 10 in Hexes
  7075 | D:7      | Reached skill level 11 in Stealth
  7287 | D:7      | Reached skill level 5 in Short Blades
  7293 | D:7      | Noticed a manticore
  7294 | D:7      | Noticed a boulder beetle
  7295 | D:7      | Killed a manticore
  7299 | D:7      | Killed a boulder beetle
  7300 | D:7      | Reached skill level 12 in Stealth
  7464 | D:7      | Reached XP level 10. HP: 57/57 MP: 17/17
  7607 | D:7      | Found a broken altar of Ashenzari.
  7783 | D:7      | Reached skill level 5 in Spellcasting
  7849 | D:7      | Found a radiant altar of Vehumet.
  7972 | D:8      | Noticed a two-headed ogre
  8054 | D:8      | Killed a two-headed ogre
  8151 | D:8      | Reached * piety under Dithmenos
  8237 | D:8      | Found a runed translucent gate.
  8237 | D:8      | Found a runed translucent gate.
  8237 | D:8      | Found a runed translucent gate.
  8238 | D:8      | Noticed fragbeetle's ghost (novice TrBe)
  8330 | D:8      | Reached skill level 13 in Stealth
  8897 | D:8      | Noticed a two-headed ogre
  8902 | D:8      | Killed a two-headed ogre
  8921 | D:8      | Reached skill level 5 in Fighting
  9024 | D:8      | Identified the +1 leather armour of Truth {Int+4}
  9625 | D:8      | Found a sacrificial altar of Ru.
 10012 | D:8      | Noticed a two-headed ogre
 10032 | D:8      | Killed a two-headed ogre
 10033 | D:8      | Reached skill level 14 in Stealth
 10033 | D:8      | Reached XP level 11. HP: 42/64 MP: 16/19
 10376 | D:9      | Learned a level 3 spell: Tukima's Dance
 10402 | D:9      | Noticed a cyan ugly thing
 10409 | D:9      | Killed a cyan ugly thing
 10430 | D:9      | Noticed a red ugly thing
 10437 | D:9      | Noticed a deep elf pyromancer
 10528 | D:9      | Found an ornate altar of the Wu Jian Council.
 10563 | D:9      | Noticed a centaur warrior
 10580 | D:9      | Noticed a wizard
 10586 | D:9      | Killed a wizard
 10595 | D:9      | Killed a centaur warrior
 10604 | D:9      | Reached ** piety under Dithmenos
 10722 | D:9      | Killed a red ugly thing
 10765 | D:9      | Killed a deep elf pyromancer
 11071 | D:9      | Found a runed translucent gate.
 11071 | D:9      | Found a runed translucent gate.
 11071 | D:9      | Found a runed translucent gate.
 11071 | D:9      | Noticed IdlyInterested's ghost (novice DsGl)
 11073 | D:9      | Found a basalt altar of Yredelemnul.
 11159 | D:9      | Found a staircase to the Lair.
 11188 | D:9      | Found a burning altar of Makhleb.
 11420 | D:9      | Noticed a boulder beetle
 11429 | D:9      | Killed a boulder beetle
 11430 | D:9      | Reached skill level 15 in Stealth
 11658 | D:10     | Entered Level 10 of the Dungeon
 11724 | D:10     | Found a runed translucent door.
 11724 | D:10     | Noticed riojii's ghost (journeyman DDFi)
 12481 | D:10     | Reached *** piety under Dithmenos
 12638 | D:10     | Noticed Harold
 12645 | D:10     | Killed Harold
 13184 | D:10     | Found a staircase to the Orcish Mines.
 13305 | D:10     | Reached **** piety under Dithmenos
 13838 | D:11     | Noticed a two-headed ogre
 13843 | D:11     | Killed a two-headed ogre
 13844 | D:11     | Reached XP level 12. HP: 70/70 MP: 18/22
 14351 | Lair:1   | Entered Level 1 of the Lair of Beasts
 14406 | Lair:1   | Reached skill level 16 in Stealth
 14624 | Lair:1   | Found a transporter.
 14707 | Lair:1   | Noticed a seven-headed hydra
 14714 | Lair:1   | Killed a seven-headed hydra
 14722 | Lair:1   | Found a transporter.
 14757 | Lair:1   | Got the Reference Book on Poisoning and Companions
 15356 | Lair:1   | Identified the +1 robe "Qeanged" {Regen+ Dex+4}
 15425 | Lair:2   | Identified the +7 falchion "Xiely" {spect, rElec rC+ Dex-5
                  | SInv}
 15545 | Lair:2   | Found a gate leading to a gauntlet.
 16342 | Lair:3   | Noticed a boulder beetle
 16344 | Lair:3   | Reached skill level 15 in Hexes
 16350 | Lair:3   | Killed a boulder beetle
 16635 | Lair:3   | Found a hole to the Spider Nest.
 17295 | Lair:4   | Found a staircase to the Snake Pit.
 17356 | Lair:4   | Reached skill level 17 in Stealth
 17894 | Lair:5   | Reached XP level 13. HP: 58/76 MP: 17/25
 17978 | Lair:5   | Found a staircase to the Slime Pits.
 17979 | Lair:5   | Found a viscous altar of Jiyva.
 18003 | Lair:5   | Reached ***** piety under Dithmenos
 18037 | Lair:5   | Found an opulent altar of Gozag.
 18542 | Lair:5   | Identified a scroll of acquirement
 18542 | Lair:5   | Acquired a book of Sloth
 18549 | Lair:5   | Learned a level 4 spell: Petrify
 18558 | Lair:5   | Learned a level 8 spell: Discord
 18598 | Lair:6   | Entered Level 6 of the Lair of Beasts
 18791 | Lair:6   | Identified the +3 trident "Beastbane" {venom, Str+5 Int+2
                  | Dex-2 Stlth-}
 18816 | Lair:6   | Reached skill level 18 in Stealth
 19225 | Lair:6   | Reached skill level 10 in Short Blades
 19261 | Lair:6   | Found an ornate altar of the Wu Jian Council.
 19962 | Lair:6   | Reached skill level 19 in Stealth
 20064 | Lair:6   | Reached XP level 14. HP: 83/83 MP: 19/26
 21309 | D:12     | Reached skill level 1 in Transmutations
 21460 | D:12     | Reached skill level 1 in Earth Magic
 21846 | D:13     | You fall into a shaft and drop 2 floors!
 21846 | D:15     | Entered Level 15 of the Dungeon
 21937 | D:15     | Reached skill level 10 in Dodging
 22796 | D:14     | Noticed Louise
 22803 | D:14     | Killed Louise
 23075 | D:14     | Found a gate to the Vaults.
 23469 | D:13     | Reached ****** piety under Dithmenos
 23784 | D:13     | Reached skill level 20 in Stealth
 23928 | D:13     | Noticed Nessos
 23944 | D:13     | Killed Nessos
 23973 | D:13     | Identified the ring of Zujokaw {+Blink AC+4}
 24054 | D:13     | Noticed Frances
 24059 | D:13     | Killed Frances
 24319 | D:13     | Reached skill level 5 in Transmutations
 24387 | D:13     | Found Sygh's Antique Weapon Shoppe.
 24744 | Snake:1  | Entered Level 1 of the Snake Pit
 24950 | Snake:1  | Reached XP level 15. HP: 88/89 MP: 23/28
 25295 | Snake:1  | Found a burning altar of Makhleb.
 25441 | Snake:1  | Noticed Nikola
 25448 | Snake:1  | Killed Nikola
 25465 | Snake:1  | Reached skill level 5 in Earth Magic
 26558 | Snake:2  | Found Duolul's Book Emporium.
 27003 | Snake:2  | Noticed a nagaraja
 27010 | Snake:2  | Killed a nagaraja
 27111 | Snake:2  | Learned a level 7 spell: Malign Gateway
 27111 | Snake:2  | Bought an Inescapable Atlas for 510 gold pieces
 27111 | Snake:2  | Bought a book of Transfigurations for 600 gold pieces
 27234 | Snake:2  | Reached skill level 22 in Stealth
 27234 | Snake:2  | Reached XP level 16. HP: 95/95 MP: 29/29
 27622 | Snake:3  | Learned a level 2 spell: Passwall
 27713 | Snake:3  | Identified the ring of the Nine Xenophobes {rPois rCorr
                  | Dex+2}
 27751 | Snake:3  | Reached skill level 10 in Spellcasting
 28397 | Snake:3  | Found Alasa's Weapon Emporium.
 28531 | Snake:3  | Reached skill level 23 in Stealth
 28533 | Snake:3  | Reached XP level 17. HP: 100/100 MP: 25/31
 28576 | Snake:3  | Found Doklon's Antique Weapon Emporium.
 28580 | Snake:3  | Found Koetzut's Armour Emporium.
 28941 | Snake:4  | Entered Level 4 of the Snake Pit
 29036 | Snake:4  | Found a flickering gateway to a bazaar.
 29203 | Snake:4  | Found Juaggy's Magic Scroll Shoppe.
 29206 | Snake:4  | Found Binydu Ecri's Assorted Antiques.
 29594 | Bazaar   | Entered a bazaar
 29594 | Bazaar   | Found Ozisy's General Store.
 29594 | Bazaar   | Found Ypotadyx's Weapon Boutique.
 29594 | Bazaar   | Found Feus's Antique Weapon Shoppe.
 29594 | Bazaar   | Found Jatoynif's Assorted Antiques.
 29596 | Bazaar   | Found Tunn's Distillery.
 29596 | Bazaar   | Found Edynis's Book Shop.
 30302 | Snake:4  | Reached skill level 24 in Stealth
 30391 | Snake:4  | Reached skill level 10 in Fighting
 30416 | Snake:4  | Got a serpentine rune of Zot
 30801 | Orc:1    | Entered Level 1 of the Orcish Mines
 31808 | Orc:2    | Entered Level 2 of the Orcish Mines
 32149 | Orc:2    | Found a staircase to the Elven Halls.
 32339 | Orc:2    | Noticed Saint Roka
 32444 | Orc:2    | Killed Saint Roka
 32573 | Orc:2    | Found Pulouzir's Antique Weapon Shop.
 32574 | Orc:2    | Found Juodidol's Antique Armour Boutique.
 32591 | Orc:2    | Bought a helmet for 117 gold pieces
 32837 | Orc:2    | Found Uvefuji's Magic Scroll Boutique.
 33001 | Orc:2    | Found Ceirudd's Assorted Antiques.
 33494 | Lair:6   | Reached XP level 18. HP: 108/108 MP: 30/32
 33717 | Spider:1 | Entered Level 1 of the Spider Nest
 33721 | Spider:1 | Identified the +1 pair of gloves of Sin {Will- Str+3}
 34115 | Spider:1 | Noticed Mlioglotl
 34119 | Spider:1 | Killed Mlioglotl
 34132 | Spider:1 | Reached skill level 25 in Stealth
 34568 | Spider:1 | Noticed Josephine
 34631 | Spider:1 | Killed Josephine
 35560 | Spider:2 | Reached skill level 1 in Armour
 35716 | Spider:2 | Learned a level 7 spell: Enfeeble
 35751 | Spider:2 | Identified the +1 kite shield "Tujean" {Regen+ SInv}
 35751 | Spider:2 | Noticed Donald
 35758 | Spider:2 | Killed Donald
 36505 | Spider:3 | Found a frozen archway.
 36555 | IceCv    | Entered an ice cave
 37714 | IceCv    | Found an ancient bone altar of Kikubaaqudgha.
 38139 | Spider:3 | HP: 4/108 [wolf spider (13)]
 39819 | Spider:4 | Entered Level 4 of the Spider Nest
 39831 | Spider:4 | Reached skill level 26 in Stealth
 39878 | Spider:4 | Reached XP level 19. HP: 114/114 MP: 24/34
 40127 | Spider:4 | Slain by a ghost moth

Illustrated notes

Levels and vault maps discovered:
D:1:      dpeg_arrival_fog, layout_basic, grunt_decor_mini_mirrors
D:2:      layout_basic, nrook_mini_vaults, pf_guarded_unrand_delatra,
          uniq_sigmund
D:3:      layout_rooms, general_overflow_altar, dreamdust_ecumenical_altar_grove
D:4:      layout_gridville, dancing_weapons_uskayaw, chei_slow_surprise,
          mainiacjoe_overflow_alcove_1, minitemple, uniq_edmund
D:5:      nicolae_cairo_tiling_large_dashed, layout_basic
D:6:      layout_cave_pools, temple_pool_b, cheibrodos_sewer_entry_bend,
          uniq_maggie
D:7:      minmay_cornered_nines, layout_basic, nicolae_ashenzari_panopticon,
          mainiacjoe_overflow_surrounded_room, hangedman_misty_isle
D:8:      minmay_s_stair_smasher, layout_layer_cave,
          mainiacjoe_overflow_alcove_4, gammafunk_ghost_nasty_kobolds,
          enter_bailey_5
D:9:      layout_loops_cross, amcnicky_altar_gilded,
          nicolae_yredelemnul_ghost_church, nicolae_wu_jian_immortal_techniques,
          grunt_lair_entry_orc_guard_hut, minmay_diamond_spiral
D:10:     layout_layer_cave, hiddenorc2_lemuel, hellmonk_ghost_happy_afterlife,
          uniq_harold
D:11:     layout_roguey, small_statue_intersection, nicolae_elevator_lobby_plus
D:12:     layout_stronghold, roderic_lattice_a, minivault_21
D:13:     layout_basic, serial_shops, shop, kennysheep_generic_room_7,
          uniq_frances, uniq_nessos
D:14:     layout_basic, ximxim_vaults_locker_room, uniq_louise
D:15:     hangedman_depths_entry_try_elsewhere_first, layout_loops_ring,
          chequers_serial_rivers_micro_e
Temple:   eino_wide_crystal_templ
Lair:1:   gammafunk_worm_tunnel, layout_gridlike, beast_lair_carwin_1
Lair:2:   layout_cave_pods, gauntlet_entry_generic,
          chequers_serial_rivers_room_b
Lair:3:   layout_regular_city, spider_nest_entry_webs, serial_bayou_pond_d,
          minmay_holes
Lair:4:   layout_regular_city, minmay_snake_entry_guardpost_small
Lair:5:   layout_concentric_octagons, slime_altar_1, basic_altar,
          hibernation_bobbens, grunt_megastairs_5, infiniplex_staircase_pool
Lair:6:   minmay_lair_end_enchanted_forest, layout_cellular_growth, basic_altar
Snake:1:  layout_chambers, basic_altar, uniq_nikola
Snake:2:  layout_basic, serial_shops, shop, serial_bayou_ford_a
Snake:3:  layout_onion, serial_shops, shop, minmay_shop_star,
          serial_bayou_shore_a, grunt_megastairs_4, lemuel_fruit_tree
Snake:4:  snake_pit_salamanders_mu, layout_rooms, serial_shops,
          bzr_entry_customers, minmay_shoptagon
Spider:1: layout_cave_pods, uniq_josephine, uniq_mlioglotl
Spider:2: layout_spider_delve, uniq_donald
Spider:3: layout_chambers, portal_ice_cave_entry_pillars_2,
          nicolae_spider_jagged_tunnels
Spider:4: grunt_spider_rune_circles, nicolae_spider_circle_web
Orc:1:    cheibrodos_orc_bank, layout_caves, basic_altar
Orc:2:    grunt_orc_community_town_hall, layout_caves,
          grunt_orc_community_big_house_1, grunt_orc_community_big_house_1,
          grunt_orc_community_house_1, grunt_orc_community_house_1,
          grunt_orc_community_house_1, grunt_orc_community_house_2,
          hangedman_feature_mirror

Skill      XL: |  1  2  3  4  5  6  7  8  9 10 11 12 13 14 15 16 17 18 19 |
---------------+----------------------------------------------------------+-----
Stealth        | 6 7 8 10 12 14 15 17 19 20 22 23 24 26 | 26.1
Fighting       | 1 2 3 4 5 6 7 8 9 10 11 | 11.0
Short Blades   | 2 3 4 5 6 7 9 10 11 12 | 12.5
Hexes          | 5 6 7 8 9 11 13 14 15 17 18 20 22 | 22.4
Dodging        | 3 4 5 6 7 8 9 10 11 12 13 | 13.2
Spellcasting   | 3 4 5 6 8 9 10 11 | 11.7
Transmutations | 5 6 |  6.5
Earth Magic    | 4 6 |  6.0
Armour         | 3 4 |  4.1

Action                   |  1- 3 |  4- 6 |  7- 9 | 10-12 | 13-15 | 16-18 | 19-21 || total
-------------------------+-------+-------+-------+-------+-------+-------+-------++-------
Melee: Dagger            |    47 |    68 |   163 |   536 |   430 |   551 |    20 ||  1815
       Bite              |     6 |     2 |    21 |    36 |    35 |    46 |     3 ||   149
       Punch             |     2 |       |       |       |       |       |       ||     2
 Cast: Ensorcelled Hiber |       |    24 |    48 |   144 |   159 |   237 |    18 ||   630
       Confusing Touch   |       |       |     5 |    11 |    17 |    47 |     1 ||    81
       Discord           |       |       |       |       |       |    35 |     2 ||    37
       Petrify           |       |       |       |       |       |     1 |       ||     1
 Abil: Exsanguinate      |     1 |       |       |       |       |       |       ||     1
       End Transformatio |       |     1 |       |       |       |       |       ||     1
       Bat Form          |       |     1 |       |       |       |       |       ||     1
Evoke: Wand              |       |       |       |       |     1 |       |       ||     1
  Use: Scroll            |     3 |     9 |     4 |    10 |    12 |    11 |       ||    49
       Potion            |       |       |       |       |     6 |     5 |     1 ||    12
 Stab: Sleeping          |    12 |    31 |    45 |   169 |   204 |   296 |    12 ||   769
       Distracted        |       |     1 |       |       |     1 |     6 |       ||     8
       Confused          |       |       |     5 |     8 |    14 |    41 |       ||    68
       Petrified         |       |       |       |       |       |     2 |       ||     2
Armor: Robe              |     6 |     4 |       |       |       |       |       ||    10
       Leather armour    |       |     7 |    33 |       |       |       |       ||    40
       Steam dragon scal |       |       |     4 |    63 |       |       |       ||    67
       Acid dragon scale |       |       |       |    63 |    78 |    85 |     4 ||   230
Dodge: Dodged            |    23 |    32 |    72 |   482 |   256 |   407 |    33 ||  1305

Table legend: (Time is in decaauts)
 A = Elapsed time spent in this place.
 B = Non-inter-level travel time spent in this place.
 C = Inter-level travel time spent in this place.
 D = Time resting spent in this place.
 E = Time spent auto-exploring this place.
 F = Levels seen in this place.
 G = Mean time per level.
                   A        B        C        D        E       F      G
               +--------+--------+--------+--------+--------+-----+--------+
         Total |  39602 |  37705 |   1897 |   7011 |  22169 |  35 | 1131.5 |
       Dungeon |  17850 |  17014 |    836 |   2346 |  11334 |  15 | 1190.0 |
        Temple |     58 |     45 |     13 |      0 |     33 |   1 |   58.0 |
          Lair |   7081 |   6397 |    684 |    923 |   3963 |   6 | 1180.2 |
     Snake Pit |   5807 |   5563 |    244 |   1211 |   2801 |   4 | 1451.8 |
   Spider Nest |   4796 |   4708 |     88 |   1415 |   2415 |   4 | 1199.0 |
  Orcish Mines |   1901 |   1869 |     32 |    128 |   1237 |   2 |  950.5 |
        Bazaar |     34 |     34 |      0 |      0 |      0 |   1 |   34.0 |
         Sewer |    547 |    547 |      0 |     46 |    308 |   1 |  547.0 |
      Ice Cave |   1525 |   1525 |      0 |    942 |     77 |   1 | 1525.0 |
               +--------+--------+--------+--------+--------+-----+--------+

Top non-repeatable levels by time:
    D:10: 2544 daAuts
  Lair:6: 2231 daAuts
Spider:3: 2194 daAuts
     D:8: 2023 daAuts
     D:2: 1758 daAuts
Spider:1: 1683 daAuts
 Snake:3: 1625 daAuts
 Snake:4: 1592 daAuts
   IceCv: 1525 daAuts
 Snake:2: 1487 daAuts
     D:7: 1480 daAuts
     D:9: 1436 daAuts
   Orc:2: 1279 daAuts
     D:1: 1114 daAuts
 Snake:1: 1101 daAuts
